 Dungeon Crawl Stone Soup version 0.28.0-53-g5a82cb258f (webtiles) character file.

Game seed: 15768017820875431755

132 GigaChad the Shield-Bearer (level 4, -5/40 HPs)
             Began as a Minotaur Fighter on June 19, 2022.
             Slain by a gnoll
             ... wielding a +0 halberd
              (12 damage)
             ... on level 3 of the Dungeon.
             The game lasted 00:14:09 (1547 turns).

GigaChad the Shield-Bearer (Minotaur Fighter)       Turns: 1547, Time: 00:14:10

Health: -5/40      AC:  7    Str: 21    XL:     4   Next: 92%
Magic:  3/3        EV:  9    Int:  5    God:
Gold:   90         SH:  5    Dex: 11    Spells: 3/3 levels left

rFire   . . .      SeeInvis .   a - +0 long sword
rCold   . . .      Faith    .   c - +0 buckler
rNeg    . . .      Spirit   .   b - +0 scale mail
rPois   .          Reflect  .   (helmet restricted)
rElec   .          Harm     .   (no cloak)
rCorr   .          Rampage  .   (no gloves)
Will    .....                   (no boots)
Stlth   ..........              (no amulet)
HPRegen 0.13/turn               (no ring)
MPRegen 0.08/turn               (no ring)

@: no status effects
A: horns 2, retaliatory headbutt
a: no special abilities


You were on level 3 of the Dungeon.
You visited 1 branch of the dungeon, and saw 3 of its levels.

You collected 90 gold pieces.

Inventory:

Hand Weapons
 a - a +0 long sword (weapon)
Armour
 b - a +0 scale mail (worn)
 c - a +0 buckler (worn)
Wands
 j - a wand of digging (7)
Scrolls
 e - a scroll of holy word {unknown}
 g - a scroll of vulnerability {unknown}
 i - a scroll of teleportation {unknown}
 k - a scroll of identify {unknown}
 l - a scroll of amnesia {unknown}
Potions
 d - a potion of might
 f - a potion of heal wounds {unknown}
 h - a potion of curing {unknown}


   Skills:
 + Level 4.3 Fighting
 + Level 4.2 Long Blades
 + Level 4.3 Armour
 + Level 1.2 Dodging
 + Level 4.4 Shields


You had 3 spell levels left.
You didn't know any spells.
Your spell library contained the following spells:

 Spells                   Type           Power      Damage    Failure   Level
 Ensorcelled Hibernation  Hex/Ice        0%         N/A       95%         2
 Static Discharge         Conj/Air       0%         N/A       95%         2
 Spider Form              Tmut/Pois      0%         N/A       99%         3
 Anguish                  Hex/Necr       0%         N/A       100%        4
 Dispel Undead            Necr           0%         3d6       100%        4
 Sticky Flame             Conj/Fire      0%         2d3       100%        4


Dungeon Overview and Level Annotations

Branches:
Dungeon (3/15)

Altars:
Gozag
Ru
Vehumet

Shops:
D:3 (


Innate Abilities, Weirdness & Mutations

You have a pair of horns on your head.
You reflexively headbutt those who attack you in melee.


Message History

The orc barely misses you.
You hit the orc.
The orc is heavily wounded.
The orc closely misses you.
You slash the orc!
You kill the orc!
You now have 90 gold pieces (gained 17).
You open the door.
Found a scroll labelled HOUPTI OFOAMYCRERCH.
There is an open door here.
k - a scroll labelled HOUPTI OFOAMYCRERCH You open the door.
There is an open door here.
Found a scroll labelled PEIFYA RICY.
l - a scroll labelled PEIFYA RICY 4 gnolls come into view.
A gnoll is wielding a +0 vorpal spear.
The gnoll shouts!
A gnoll is nearby!
The gnoll hits you from afar with a +0 vorpal spear.
The gnoll hits you with a +0 vorpal spear.
You completely miss the gnoll.
The gnoll hits you with a +0 vorpal spear.
You barely miss the gnoll.
The gnoll hits you but does no damage. x3
The gnoll misses you.
You barely miss the gnoll. You block the gnoll's attack. x2
The gnoll hits you from afar with a +0 halberd!
The gnoll barely misses you.
You hit the gnoll but do no damage. The gnoll hits you but does no damage.
The gnoll barely misses you.
The gnoll hits you with a +0 vorpal spear.
You barely miss the gnoll. The gnoll barely misses you.
The gnoll hits you but does no damage.
The gnoll hits you with a +0 vorpal spear.
* * * LOW HITPOINT WARNING * * *
x2 The gnoll hits you from afar with a +0 halberd.
* * * LOW HITPOINT WARNING * * *
You slash the gnoll!
The gnoll is heavily wounded.
The gnoll hits you from afar with a +0 halberd!
You die...

#########...####.#.#
.....# #.#.#
......###.#.## #
..............# #
...........#########
##
.g.................#
#. ...
..g.g.gg...........#
#. ### #.#
#g#..........# #. #..
...
####@#..........####.
#.####.###
#........>...........
#.#...... #
####.####.##....####.
#.#.##.##.# #.#
#.##....# #.
#.#.#...#.#.## #.#
##.##....# #.
......_)......##.#
#..####### #.
#.#.#...#.#.#....#
#..# #. #.#.##.##.#
####.# #..# #.
#.#.......# #.# #..#
##


You could see 3 gnolls.

Vanquished Creatures
  An orc wizard (D:3)
  3 gnolls (D:3)
  2 adders (D:2)
  3 worms
  A dart slug (D:2)
  3 orcs (D:3)
  4 ball pythons
  5 bats
  3 endoplasms (D:1)
  5 goblins
  7 hobgoblins
  A quokka (D:2)
  2 frilled lizards (D:1)
  4 kobolds
  7 rats
51 creatures vanquished.

Vanquished Creatures (others)
  A demonic plant (D:1)
  8 fungi (D:1)
  5 plants (D:1)
14 creatures vanquished.

Grand Total: 65 creatures vanquished

Notes
Turn   | Place    | Note
-------+----------+-------------------------------------------
     0 | D:1      | GigaChad the Minotaur Fighter began the quest for the Orb.
     0 | D:1      | Reached XP level 1. HP: 19/19 MP: 0/0
   231 | D:1      | Reached XP level 2. HP: 27/27 MP: 1/1
   379 | D:1      | Found a faded altar of an unknown god.
   628 | D:2      | Found a radiant altar of Vehumet.
   650 | D:2      | Reached XP level 3. HP: 31/33 MP: 2/2
  1014 | D:3      | Found Ezyeramu's Weapon Boutique.
  1069 | D:3      | Found an opulent altar of Gozag.
  1117 | D:3      | Reached XP level 4. HP: 40/40 MP: 3/3
  1132 | D:3      | Reached skill level 1 in Dodging
  1379 | D:3      | Found a sacrificial altar of Ru.
  1547 | D:3      | Slain by a gnoll

Illustrated notes

Levels and vault maps discovered:
D:1:      pf_arrival_petrified_forest, layout_loops_ring,
          shapermc_ecumenical_altar_gd
D:2:      minmay_evil_eye, layout_rooms, basic_altar, kennysheep_another_room,
          minmay_misc_feat_five, ebering_dispersal_statue_hall,
          nicolae_wormholes
D:3:      minmay_razor_zed, layout_basic, nicolae_ru_sacrificial_ziggurat,
          lemuel_round_altar, serial_shops, shop

Skill      XL: |  1  2  3  4 |
---------------+-------------+-----
Shields        | 4 |  4.4
Armour         | 4 |  4.3
Fighting       | 4 |  4.3
Long Blades    | 3 4 |  4.2
Dodging        | 1 |  1.2

Action                   |  1- 3 |  4- 6 || total
-------------------------+-------+-------++-------
Melee: Long sword        |    69 |    28 ||    97
       Headbutt          |     7 |     3 ||    10
Armor: Scale mail        |    36 |    15 ||    51
Dodge: Dodged            |    44 |    11 ||    55
Block: Buckler           |    13 |     9 ||    22
